Map: Heavy Artillery LE

Players

Massa - Winner!

  • Race: Terran Terran
  • League: Gold
  • Spawn Location: 7:00

qqq - Winner!

  • Race: Protoss Protoss
  • League: Platinum
  • Spawn Location: 7:00

JunKai

  • Race: Protoss Protoss
  • Spawn Location: 1:00

Kilaa

  • Race: Protoss Protoss
  • League: Platinum
  • Spawn Location: 3:00

VOD

Have the link to the VOD?

Description

Time

  • Played on: Aug. 12, 2020, 4:01 p.m.
  • Length: 5:34
Show
View Real Time Build Order
Export as new Build Order

Massa Terran - Winner!

Build Orders: Gas First Reaper Expand 

Get SALT Encoding   

  12  0:01  SCV  
  13  0:13  SCV  
  14  0:18  Supply Depot  
  14  0:25  SCV  
  15  0:31  Refinery  
  15  0:39  SCV  
  16  0:45  Barracks  
  16  0:51  SCV  
  17  1:17  SCV  
  18  1:29  SCV  
  18  1:30  Refinery  
  18  1:31  Reaper  
  18  1:32  Supply Depot  
  20  1:44  Orbital Command  
  20  2:03  Reaper  
  20  2:07  Command Center  
  21  2:11  SCV  
  22  2:23  SCV  
  23  2:35  Factory, Marine  
  23  2:51  SCV  
  24  2:53  Marine  
  25  3:19  Command Center  
  25  3:29  Factory Tech Lab  
  25  3:34  Marine  
  25  3:40  Barracks  
  26  3:52  Marine  
  24  4:14  Siege Tank  
  27  4:43  Marine  
  27  4:54  Supply Depot  
  27  4:56  Supply Depot  
  27  5:01  SCV, Marine  
  27  5:05  SCV  
  27  5:06  SCV  
  31  5:13  SCV  
  31  5:18  SCV x2  
  31  5:19  Bunker  
Show
View Real Time Build Order
Export as new Build Order

qqq Protoss - Winner!

Build Orders:  

Get SALT Encoding   

  12  0:00  Probe  
  13  0:12  Probe  
  14  0:18  Pylon  
  14  0:24  Probe  
  15  0:37  Probe  
  15  0:39  Forge  
  16  0:49  Probe  
  17  1:01  Probe  
  18  1:05  Pylon  
  18  1:25  Photon Cannon  
  18  1:30  Pylon  
  18  1:34  Pylon  
  18  1:43  Photon Cannon  
  17  2:06  Photon Cannon  
  17  2:14  Photon Cannon  
  17  2:18  Photon Cannon  
  16  2:33  Pylon  
  16  2:52  Nexus  
  16  3:23  Gateway  
  16  3:29  Photon Cannon  
  16  3:34  Pylon  
  16  3:35  Pylon  
  16  3:38  Pylon  
  16  3:58  Photon Cannon  
  16  4:00  Photon Cannon  
  16  4:08  Photon Cannon  
  16  4:16  Photon Cannon  
  16  4:18  Photon Cannon  
  16  4:22  Photon Cannon  
  16  4:30  Photon Cannon  
  16  4:45  Pylon  
  16  4:48  Pylon  
  16  4:55  Photon Cannon  
  11  5:15  Photon Cannon  
Show
View Real Time Build Order
Export as new Build Order

JunKai Protoss 

Build Orders:  

Get SALT Encoding   

  12  0:00  Probe  
  13  0:12  Probe  
  14  0:18  Pylon  
  14  0:24  Probe  
  15  0:36  Gateway  
  15  0:38  Probe  
  16  0:50  Probe (Chrono Boost)  
  16  0:56  Pylon  
  17  1:02  Probe (Chrono Boost)  
  17  1:03  Assimilator  
  18  1:05  Assimilator  
  18  1:17  Gateway  
  18  1:30  Probe (Chrono Boost)  
  20  1:40  Probe (Chrono Boost)  
  20  1:45  Probe (Chrono Boost)  
  19  2:06  Cybernetics Core  
  17  2:24  Pylon  
  16  2:32  Probe, Gateway  
  16  2:34  Pylon  
  17  2:44  Probe  
  13  3:26  Nexus  
  7  3:29  Probe  
  8  3:41  Probe  
  9  3:58  Probe  
  10  4:10  Probe  
  11  4:22  Probe  
  12  4:44  Probe  
Show
View Real Time Build Order
Export as new Build Order

Kilaa Protoss 

Build Orders:  

Get SALT Encoding   

  12  0:02  Probe  
  13  0:16  Probe  
  13  0:21  Pylon  
  14  0:28  Probe (Chrono Boost)  
  15  0:40  Probe (Chrono Boost)  
  15  0:41  Forge  
  16  0:56  Probe  
  17  0:58  Pylon  
  17  1:19  Pylon  
  17  1:23  Pylon  
  17  1:28  Gateway  
  17  1:29  Probe  
  18  1:33  Assimilator  
  18  1:41  Probe  
  18  1:43  Photon Cannon  
  19  1:53  Pylon  
  19  2:13  Photon Cannon  
  19  2:22  Pylon  
  19  2:31  Gateway  
  19  2:35  Photon Cannon  
  19  2:51  Photon Cannon  
  19  3:23  Photon Cannon  
  19  3:25  Zealot (Chrono Boost)  
  21  3:34  Photon Cannon  
  21  3:58  Zealot (Chrono Boost)  
  23  4:07  Pylon  
  23  4:13  Pylon  
  23  4:17  Zealot (Chrono Boost)  
  25  4:32  Photon Cannon  
  25  4:34  Photon Cannon  
  19  4:42  Zealot (Chrono Boost)  
  16  5:01  Zealot (Chrono Boost)  
Tags
 
Add a new tag
Caveats
  • Supply blocks, unpowered buildings, or Contaminate may cause inaccurate times.
  • Supply counts are checked every 10 seconds.